 Dungeon Crawl Stone Soup version 0.27.1-4-g1640c2035a (webtiles) character file.

Game seed: 10604963174150082792

35 Unglued128 the Ducker (level 3, -3/28 HPs)
             Began as a Demonspawn Gladiator on Nov 16, 2021.
             Killed from afar by Terence (10 damage)
             ... with a puff of flame
             ... on level 2 of the Dungeon.
             The game lasted 00:13:08 (1044 turns).

Unglued128 the Ducker (Demonspawn Gladiator)        Turns: 1044, Time: 00:13:08

Health: -3/28      AC:  4    Str: 14    XL:     3   Next: 16%
Magic:  3/3        EV: 12    Int:  9    God:
Gold:   60         SH:  0    Dex: 15    Spells: 1/2 levels left

rFire    . . .     SeeInvis .   k - +1 spear (flame)
rCold    . . .     Faith    .   (no shield)
rNeg     . . .     Spirit   .   b - +0 leather armour
rPois    .         Reflect  .   c - +0 helmet
rElec    .         Harm     .   (no cloak)
rCorr    .         Rampage  .   (no gloves)
Will     .....                  (no boots)
Stlth    +.........             (no amulet)
HPRegen  0.09/turn              (no ring)
MPRegen  0.08/turn              (no ring)

@: no status effects
A: ignite blood 1
a: no special abilities


You were on level 2 of the Dungeon.
You visited 1 branch of the dungeon, and saw 2 of its levels.

You collected 60 gold pieces.

Inventory:

Hand Weapons
 a - a +0 flail
 k - a +1 spear of flaming (weapon)
Missiles
 d - 2 throwing nets (quivered)
Armour
 b - a +0 leather armour (worn)
 c - a +0 helmet (worn)
Scrolls
 h - a scroll of brand weapon {unknown}
 i - a scroll of enchant weapon
 l - a scroll of identify {unknown}
Potions
 e - a potion of mutation {unknown}
 f - a potion of curing {unknown}
 g - a potion of berserk rage {unknown}
 j - 2 potions of heal wounds {unknown}


   Skills:
 * Level 2.7 Fighting
 - Level 2.9 Maces & Flails
 + Level 0.0 Polearms
 + Level 2.1 Throwing
 + Level 3.0 Dodging
 + Level 0.1 Hexes


You had one spell level left.
You knew the following spells:

 Your Spells              Type           Power      Damage    Failure   Level
a - Corona                Hex            0%         N/A       45%         1

Your spell library contained the following spells:

 Spells                   Type           Power      Damage    Failure   Level


Dungeon Overview and Level Annotations

Branches:
Dungeon (2/15)

Altars:

Annotations:
D:2 Terence


Innate Abilities, Weirdness & Mutations

Your demonic aura sometimes causes spilled blood to erupt in flames.


Message History

The ball python constricts you.
You barely miss the ball python.
The ball python bites you but does no damage.
The ball python constricts you.
You hit the ball python. You burn the ball python.
You kill the ball python!
You now have 60 gold pieces (gained 14).
Found a stone staircase leading down.
You see here a ball python corpse.
Found 15 stones.
You see here 15 stones.
Terence the Incautious comes into view.
He is wielding a +0 hand axe and carrying a wand of flame (13).
Terence shouts!
You barely miss Terence. Terence closely misses you.
You hit Terence but do no damage. Terence closely misses you.
You hit Terence. You burn Terence.
Terence is lightly wounded.
Terence hits you with a +0 hand axe.
You barely miss Terence.
Terence is lightly wounded.
Terence zaps a wand.
The puff of flame misses you.
You hit Terence. You burn Terence.
Terence is moderately wounded.
Terence hits you with a +0 hand axe.
You closely miss Terence.
Terence is moderately wounded.
Terence hits you with a +0 hand axe.
You barely miss Terence.
Terence is moderately wounded.
Terence zaps a wand.
The puff of flame hits you!
* * * LOW HITPOINT WARNING * * *
Throw: 3 throwing nets
Press: ? - help, Q - select action, (/) - cycle Shift-Dir - straight line, f - Terence
Aim: Terence, wielding a +0 hand axe, wearing a +0 ring mail and carrying a wand of flame (11) (moderately wounded, 64% to hit)
You throw a throwing net. The throwing net hits Terence.
Terence is caught in the net!
Terence is moderately wounded.
Terence struggles against the net.
Terence zaps a wand.
The puff of flame hits you!
You die...

.##.##. #.
..... #. ##
#...# #. ..
#...# #. .# #
#...#
#.##.##.#
#...# .......
####...######
#.@.#
............#
#.## #
.........>..#
#@#.#.
............#
#.##.#
####(..####.#
#.##.#
#.....# #.#
#(.#.#
#.....# #.#
##.#.#
#.....# #.#
#.#.###
##...## #.#
#.....#
#####.###
#.#####.#.#.#
...†....#
#......#..#.#


You could see Terence (caught).

Vanquished Creatures
  2 dart slugs (D:1)
  A bat (D:2)
  An endoplasm (D:1)
  2 giant cockroaches (D:1)
  6 jackals (D:1)
  2 kobolds (D:1)
  2 quokkas
  4 ball pythons
  5 frilled lizards
  3 rats (D:1)
28 creatures vanquished.

Vanquished Creatures (others)
  A fungus (D:1)
1 creature vanquished.

Grand Total: 29 creatures vanquished

Notes
Turn   | Place    | Note
-------+----------+-------------------------------------------
     0 | D:1      | Unglued128 the Demonspawn Gladiator began the quest for the
                  | Orb.
     0 | D:1      | Reached XP level 1. HP: 16/16 MP: 1/1
   228 | D:1      | Found a faded altar of an unknown god.
   239 | D:1      | Gained mutation: Your demonic aura sometimes causes spilled
                  | blood to erupt in flames. [demonic ancestry]
   239 | D:1      | Reached XP level 2. HP: 23/23 MP: 2/2
   253 | D:1      | Got Plato's Tome of Hexes
   621 | D:1      | Reached skill level 3 in Dodging
   627 | D:1      | Reached XP level 3. HP: 28/28 MP: 3/3
   798 | D:1      | Learned a level 1 spell: Corona
  1035 | D:2      | Noticed Terence
  1044 | D:2      | Killed from afar by Terence

Illustrated notes

Levels and vault maps discovered:
D:1:      sevenhm_arrival_forest_fort_large_3, layout_basic,
          shapermc_ecumenical_altar_rom_forum
D:2:      layout_loops_cross, uniq_terence

Skill      XL: |  1  2 |
---------------+-------+-----
Throwing       | 2 |  2.1
Dodging        | 3 |  3.0
Fighting       | |  2.7
Maces & Flails | |  2.9
Hexes          | |  0.1

Action                   || total
-------------------------++-------
Melee: Flail             ||    56
       Spear             ||    19
Throw: Throwing net      ||     1
 Cast: Corona            ||     1
  Use: Scroll            ||     2
Armor: Leather armour    ||    21
Dodge: Dodged            ||    45
